Cogmind - Beta 9.2 @@@ ROGUE MODE // 2019.11.14 @ 17:20:25 Player: Finestep Result: Destroyed by G-34 Mercenary with Small Laser Performance ------------- Evolutions (0) 0 Regions Visited (2) 400 Robots Destroyed (33) 165 Value Destroyed (539) 539 Prototype IDs (2) 40 Alien Tech Used (0) 0 Bonus (0) 0 TOTAL SCORE: 1144 Bonus ------- None Cogmind --------- Core Integrity 0/250 Matter 300/300 Energy 111/125 System Corruption 0% Temperature Cool (54) Movement Rolling (90) Ox1 Location -10/Mines Parts ------- > --- POWER (1) -------- Light Ion Engine > --- PROPULSION (2) --- Wheel Wheel > --- UTILITY (2) ------ Large Storage Unit Large Storage Unit > --- WEAPON (2) ------- EM Pulse Gun EM Pulse Gun > --- INVENTORY (16) --- Light Ion Engine Light Treads Aluminum Leg Aluminum Leg Aluminum Leg High-capacity Battery (400) Transport Network Coupler Light Armor Plating Light Armor Plating Light Armor Plating EM Pulse Gun EM Pulse Gun EM Pulse Gun EMP Blaster Mini Grenade Launcher Mining Laser Peak State ------------ > --- POWER ------------ Light Ion Engine > --- PROPULSION ------- Wheel Wheel > --- UTILITY ---------- Large Storage Unit Large Storage Unit > --- WEAPON ----------- EM Pulse Gun EM Pulse Gun > --- INVENTORY -------- Light Ion Engine Light Treads Aluminum Leg Aluminum Leg Aluminum Leg High-capacity Battery Transport Network Coupler Light Armor Plating Light Armor Plating Light Armor Plating EM Pulse Gun EM Pulse Gun EM Pulse Gun EMP Blaster Mini Grenade Launcher Mining Laser [Rating: 8] Favorites ----------- Power Light Ion Engine Engine Light Ion Engine Propulsion Light Treads Treads Light Treads Wheel Wheel Utility Large Storage Unit Storage Large Storage Unit Processor Targeting Computer Weapon Light Assault Rifle Energy Gun EM Pulse Gun Ballistic Gun Light Assault Rifle Special Weapon Mining Laser Build | -11 -10 -10 ------- Run | Scr Mat Min Slots Evolved . | . . . Power . | . . . Propulsion . | . . . Utility . | . . . Weapon . | . . . Parts Attached 21 | 8 12 1 Power 2 | 1 . 1 Engine 2 | 1 . 1 Core . | . . . Reactor . | . . . Propulsion 6 | 4 2 . Treads 2 | 2 . . Leg . | . . . Wheel 4 | 2 2 . Hover . | . . . Flight . | . . . Utility 4 | 1 3 . Device . | . . . Storage 3 | 1 2 . Processor 1 | . 1 . Hackware . | . . . Protection . | . . . Artifact . | . . . Weapon 9 | 2 7 . Energy Gun 6 | 1 5 . Energy Cannon . | . . . Ballistic Gun 2 | 1 1 . Ballistic Cannon . | . . . Launcher . | . . . Special Weapon 1 | . 1 . Impact Weapon . | . . . Slashing Weapon . | . . . Piercing Weapon . | . . . Special Melee Weapon . | . . . Unidentified Prototypes . | . . . Parts Lost 3 | . 3 . Power . | . . . Propulsion 1 | . 1 . Utility . | . . . Weapon 2 | . 2 . Highest Loss Streak 2 | . 2 . Average Slot Usage (%) 82 | . 79 96 Engine 1 | . . 10 Treads 17 | . 21 . Wheel 9 | . 6 28 Storage 22 | . 21 28 Processor 2 | . 3 . Energy Gun 11 | . 7 28 Ballistic Gun 16 | . 19 . Naked Turns . | . . . Heaviest Build 39 | 6 36 39 Greatest Support 40 | 40 40 20 Greatest Overweight (x) 3 | 1 3 1 Average Overweight (x) . | . . 1 Largest Inventory Capacity 16 | 6 16 16 Average Capacity 13 | 4 13 16 Most Carried 16 | 5 16 16 Average Carried 11 | 2 10 16 Final Capacity 16 | 4 16 16 Final Carried 16 | 4 16 16 Class Distribution -------------------- 100% | Mutant Dominant Class ---------------- Mutant | -10/Materials Mutant | -10/Mines Resources | -11 -10 -10 ----------- Run | Scr Mat Min Matter Collected 539 | 286 223 30 Remotely . | . . . Salvage Created 992 | 107 755 130 Parts 77 | 11 55 11 Haulers Intercepted 2 | . 2 . Recyclers Shooed 1 | . . 1 Parts Field Recycled . | . . . Retrieved Matter . | . . . Parts Self-Destructed . | . . . Prevented . | . . . Kills | -11 -10 -10 ------- Run | Scr Mat Min Combat Hostiles Destroyed 16 | . 14 2 Guns 16 | . 14 2 Classes Destroyed 9 | 2 6 1 Worker 4 | . 3 1 Builder 1 | . . 1 Tunneler 3 | 2 1 . Hauler 2 | . 2 . Recycler 2 | 1 1 . Operator 3 | . 3 . Watcher 2 | . 2 . Swarmer 6 | . 6 . Grunt 10 | . 8 2 Best Kill Streak 7 | 3 7 2 Combat Bots Only 6 | . 6 2 Max Kills in Single Turn 2 | 1 2 1 Gunslinging 1 | . 1 . Exploded . | . . . Melee . | . . . Uniques/NPCs Destroyed . | . . . Combat | -11 -10 -10 -------- Run | Scr Mat Min Damage Taken 894 | . 732 162 Core 259 | . 185 74 Absorbed by Shields . | . . . Core Remaining (%) 100 | 100 . . Volleys Fired 119 | 6 101 12 Largest 2 | 2 2 2 Hottest 100 | 60 100 80 Shots Fired 213 | 12 177 24 Gun 212 | 12 176 24 Cannon . | . . . Launcher . | . . . Special 1 | . 1 . Kinetic 145 | 6 139 . Thermal 21 | 6 15 . Explosive . | . . . Electromagnetic 47 | . 23 24 Robot Hit Streak 9 | 7 9 7 Robot Miss Streak 3 | 1 3 3 Penetration Max . | . . . Secondary Targets 2 | . 2 . Max Gunslinging Chain 1 | . 1 . Shots Hit Robots 137 | 9 115 13 Core Hits 63 | 4 50 9 Critical Hits . | . . . Critical Kills . | . . . Critical Parts Destroyed . | . . . Melee Attacks . | . . . Impact . | . . . Slashing . | . . . Piercing . | . . . Sneak Attacks . | . . . Combat Hostiles . | . . . Follow-up Attacks . | . . . Damage Inflicted 1488 | 79 1168 241 Guns 1376 | 79 1099 198 Cannons . | . . . Explosions 111 | . 68 43 Melee . | . . . Ramming 1 | . 1 . Kinetic 804 | 25 779 . Thermal 260 | 54 163 43 Explosive . | . . . Electromagnetic 423 | . 225 198 Impact . | . . . Slashing . | . . . Piercing . | . . . Highest Corruption . | . . . Average Corruption . | . . . Corruption Purged . | . . . Overload Shots . | . . . Overflow Damage . | . . . Projectiles . | . . . Explosions . | . . . Melee . | . . . Knockbacks . | . . . Impact . | . . . Kinetic . | . . . Secondary . | . . . Self-Inflicted Damage 61 | . 39 22 Shots 2 | . 1 1 Rammed 2 | . 2 . Targets Rammed 3 | . 3 . Kicked . | . . . Crushed 1 | . 1 . Highest Temperature 144 | 20 40 144 Average Temperature 21 | 9 10 48 Received Heat Transfer 306 | . 228 78 Siege Activations . | . . . Robots Corrupted . | . . . Combat Hostiles . | . . . Parts Fried 2 | . 2 . Impact Corruptions . | . . . Robots Melted . | . . . Combat Hostiles . | . . . Parts Melted . | . . . Heat Transferred 435 | 125 260 50 Parts Sabotaged . | . . . Parts Stolen . | . . . Parts Stripped . | . . . Power Chain Reactions 2 | . 1 1 Missiles Intercepted . | . . . Alert | -11 -10 -10 ------- Run | Scr Mat Min Peak Influence 211 | 15 211 103 Average Influence 99 | 4 110 77 Maximum Alert Level 1 | . 1 . Low Security (%) 97 | 100 96 100 Level 1 2 | . 3 . Level 2 . | . . . Level 3 . | . . . Level 4 . | . . . Level 5 . | . . . High Security . | . . . Max Security . | . . . Squads Dispatched 5 | . 5 . Investigation 4 | . 4 . Extermination . | . . . Reinforcement 1 | . 1 . Assault . | . . . Garrison . | . . . Intercept . | . . . Construction Impeded . | . . . Haulers Reinforced . | . . . Stealth | -11 -10 -10 --------- Run | Scr Mat Min Distress Signals 1 | . 1 . Communications Jammed . | . . . Distress Signals . | . . . Times Spotted 36 | . 31 5 Peak Tracking Total 7 | . 7 2 Tactical Retreats 3 | . 2 1 Traps | -11 -10 -10 ------- Run | Scr Mat Min Traps Triggered 1 | . 1 . Indirectly . | . . . Trap Hack Attempts . | . . . Triggered . | . . . Disarmed . | . . . Reprogrammed . | . . . Reused . | . . . Traps Extracted . | . . . Installed . | . . . Triggered . | . . . Machines | -11 -10 -10 ---------- Run | Scr Mat Min Machines Disabled . | . . . Max in Single Turn . | . . . Machines Sabotaged . | . . . Garrisons Compromised . | . . . Overloaded Fab Kills . | . . . Fab Network Shutdowns . | . . . Hacking | -11 -10 -10 --------- Run | Scr Mat Min Machines Accessed 7 | . 7 . Terminals 6 | . 6 . Fabricators . | . . . Repair Stations . | . . . Recycling Units 1 | . 1 . Scanalyzers . | . . . Garrison Access . | . . . Total Hacks 20 | . 20 . Successful 6 | . 6 . Failed 13 | . 13 . Catastrophic 3 | . 3 . Database Lockouts 1 | . 1 . Manual 9 | . 9 . Terminals 16 | . 16 . Fabricators . | . . . Repair Stations . | . . . Recycling Units 4 | . 4 . Scanalyzers . | . . . Garrison Access . | . . . Terminal Hacks 5 | . 5 . Robot Analysis 1 | . 1 . Prototype ID Bank 1 | . 1 . Locate Traps 2 | . 2 . Hauler Manifests 1 | . 1 . Fabricator Hacks . | . . . Repair Station Hacks . | . . . Recycling Unit Hacks . | . . . Scanalyzer . | . . . Garrison Access Hacks . | . . . Unauthorized Hacks 3 | . 3 . Terminals . | . . . Fabricators . | . . . Repair Stations . | . . . Recycling Units 1 | . 1 . Tunnel 1 | . 1 . Scanalyzers . | . . . Garrison Access . | . . . Data Cores Recovered . | . . . Used . | . . . Hacking Detections 7 | . 7 . Full Trace Events 1 | . 1 . Feedback Events . | . . . Feedback Blocked . | . . . Robot Schematics Acquired . | . . . Robots Built . | . . . Matter . | . . . Time . | . . . Total Robot Build Rating . | . . . Part Schematics Acquired . | . . . Parts Built . | . . . Matter . | . . . Time . | . . . Total Part Build Rating . | . . . Parts Repaired . | . . . Time . | . . . Parts Recycled . | . . . Recycled Matter . | . . . Retrieved Matter . | . . . Retrieved Components . | . . . Parts Scanalyzed . | . . . Part Schematics Acquired . | . . . Parts Damaged . | . . . Bothacking | -11 -10 -10 ------------ Run | Scr Mat Min Used RIF Installer . | . . . Robots Hacked . | . . . Non-combat . | . . . Combat . | . . . Robot Hacks Applied . | . . . Relay Couplers Released . | . . . Robots Rewired . | . . . Allies Hacked . | . . . Hacks Repelled . | . . . Allies | -11 -10 -10 -------- Run | Scr Mat Min Total Allies . | . . . Largest Group . | . . . Highest-Rated Group . | . . . Highest-Rated Ally . | . . . Total Orders . | . . . Ally Attacks . | . . . Total Damage . | . . . Kills . | . . . Allies Corrupted . | . . . Allies Melted . | . . . Intel | -11 -10 -10 ------- Run | Scr Mat Min Robot Analysis Total 1 | . 1 . Derelict Logs Recovered 1 | . . 1 Drone Launches . | . . . Drone Recoveries . | . . . Exploration | -11 -10 -10 ------------- Run | Scr Mat Min Turns Passed 1360 | 77 1066 217 Spaces Moved 856 | 46 610 200 Core 107 | 29 78 . Treads 319 | 9 310 . Legs . | . . . Wheels 430 | 8 222 200 Hover . | . . . Flight . | . . . Fastest Speed 50 | 50 50 90 Average Speed 112 | 90 121 90 Slowest Speed 180 | 160 180 90 Overloaded Moves . | . . . Propulsion Burnouts . | . . . Robots Hopped . | . . . Cave-ins Triggered . | . . . Exploration Rate (%) 43 | 3 73 53 Regions Visited 2 Branch Regions 1 Pre-discovered Areas 1 | . 1 . Known Exits Taken . | . . . Unknown Exits Taken 2 | 1 1 . Scrap Searched . | . . . Spaces Dug 1 | . 1 . Terrain Destroyed 8 | . 2 6 Melee . | . . . Projectile 1 | . 1 . AOE 7 | . 1 6 Actions | -11 -10 -10 --------- Run | Scr Mat Min Total 1062 | 70 779 213 Wait 26 | 1 25 . Move 854 | 45 609 200 Hop . | . . . Pick Up 24 | 6 18 . Fast Attach 16 | 6 9 1 Attach 3 | 2 1 . Detach 2 | 1 1 . Swap 2 | . 2 . Drop 13 | 3 10 . Fire 119 | 6 101 12 Melee . | . . . Ram . | . . . Kick . | . . . Crush 3 | . 3 . Escape Stasis . | . . . Rewire . | . . . Trap . | . . . Miscellaneous . | . . . Route ------- -11/Scrapyard -10/Materials (discovered 3 exits: [*Mat x2] / [*Min]) -10/Mines (discovered 1 exit: [*Mat]) History --------- Turn | Location | Event 27 | -11/Scrapyard | Discovered new exit (range 15) 78 | -11/Scrapyard | Entered Materials 315 | -10/Materials | Build established: Mutant 328 | -10/Materials | Discovered new exit (range 12) 454 | -10/Materials | Discovered new exit (range 14) 591 | -10/Materials | Core integrity fell below 50% 641 | -10/Materials | Discovered new exit (range 15) 1054 | -10/Materials | Central database locked down 1144 | -10/Materials | Entered Mines 1214 | -10/Mines | Learned Materials garrison access intel 1249 | -10/Mines | Core integrity fell below 20% 1331 | -10/Mines | Discovered new exit (range 9) 1361 | -10/Mines | Destroyed by G-34 Mercenary with Small Laser Last Messages --------------- 01068_ Dropped Aluminum Leg. 01069_ Acquired Hcp. Battery. 01107_ U-05 Engineer builds a Wall. LOCATION=UNKNOWN GOAL=ESCAPE 01180_ K-01 Serf collects debris. 01186_ K-01 Serf destroyed. 01189_ Acquired 14 matter. 01190_ U-05 Engineer destroyed. 01194_ Acquired 6 matter. 01197_ Acquired Lgt. Ion Engine. 01200_ Chain reaction triggered in Lgt. Ion Engine. 01207_ U-05 Engineer builds a Wall. 01214_ Acquired derelict log, extracted data. Data stored: Materials garrison access intel. 01239_ G-34 Mercenary destroyed. 01254_ G-47 Trooper destroyed. 01261_ Acquired 10 matter. 01331_ EXIT=FOUND 01337_ K-01 Serf collects debris. Map ----- +----------------------------------------------------+ | | | | | | | | | | | | | | | | | | | | | | | | | ?????????????????????????????????? | | ?????????????????????????????????? | | ?????????????????????????######??? | | ??????????????????????### ???? | | ?????????????????????## #???? | | ????????????????????## ##??? | | ???????????????????## #??? | | ????????####??????## #??? | | ???????## ##????## #???? | | ????#### ###### #????? | | ???## ## #????? | | ???# ####?? | | ???# g ##? | | ???# @ g #? | | ????# ## #? | | ????#### #### #? | | ???????## ##??## #? | | ????????### ##????# ##? | | ??????????## ###????## ##?? | | ???????????## ##??????# ##??? | | ????????????####???????# #???? | | ???????????????????????## ### | | ????????????????????????### | | ??????????????????????????# ### | | ??????????????????????????# #???? | | ??????????????????????????# ####? | | ???####???????????????????# ##### | | ??## ##????????????####??# % | | ??# #??######???## ##?# ##### | | ??# #### ##### ### ####? | | ??# ## ##??? | | ??# #??? | | ??# ### ## #??? | | ??# ##?# ## #??? | | ??# ##?# ## ##??? | | ??## ### ### ##???# | | ???# ## ?#### ##???## | | ???# ## ###????#####???## | +----------------------------------------------------+ Best States ------------- Heat Dissipation 25 Energy Generation 10 Energy Capacity 125 Matter Stores 300 Matter Capacity 300 Sight Range 16 Terrain Scan Density 10 Evasion (%) 50 Targeting Accuracy 5 Recoil Reduction 2 Item Schematics ----------------- None Robot Schematics ------------------ None Fabricated ------------ Nothing Alien Tech Used ----------------- None Achievements -------------- None Challenges ------------ None Game ------ Seed ChargeCoolingRail Manual? 0 Play Time 00:10:18 Cumulative 267.1 hours Start 2019.11.14 @ 17:06:16 End 2019.11.14 @ 17:20:25 Sessions 1 Manual Loads 0 Difficulty Rogue Special Mode None Game No. 211 Rogue 211 Adventurer 0 Explorer 0 Win Type - Total 3 Types 3/0/0/0/0/0/0 Lore% 74 Gallery% 78 Achievement% 55 Wizard Run 0 Options --------- ASCII 0 Keyboard 0 Movement Mouse Keybinds 1 Fullscreen 2 Font 24/Smallcaps Map View 76x50 Tactical HUD 1 Map Filters NONE Filters NONE Steam 1 RUN: 3d9aebaa-9ed1-4985-9ebe-7d457772fa45